 Dungeon Crawl Stone Soup version 0.27-a0-1325-g58a489ad9e (webtiles) character file.

Game seed: 4068412645272333641

83 dinky3 the Sneak (level 4, -1/22 HPs)
             Began as a Spriggan Wanderer on June 24, 2021.
             Was an Initiate of Cheibriados.
             Slain by a worm (11 damage)
             ... on level 3 of the Dungeon.
             The game lasted 00:07:41 (1115 turns).

dinky3 the Sneak (Spriggan Wanderer)                Turns: 1115, Time: 00:07:42

Health: -1/22      AC:  2    Str: 11    XL:     4   Next: 22%
Magic:  0/9        EV: 16    Int: 14    God:    Cheibriados [......]
Gold:   73         SH:  0    Dex: 14    Spells: 2/8 levels left

rFire    . . .     SeeInvis +   j - +0 dagger
rCold    . . .     Faith    .   (shield restricted)
rNeg     . . .     Spirit   .   b - +0 robe
rPois    .         Reflect  .   (helmet restricted)
rElec    .         Harm     .   (no cloak)
rCorr    .         Rampage  .   (gloves unavailable)
Will     .....                  (boots unavailable)
Stlth    +++.......             (no amulet)
HPRegen  0.07/turn              (no ring)
MPRegen  0.11/turn              (no ring)

@: very slightly contaminated, quick
A: very small, no large weapons, unfitting armour, see invisible, speed 3
a: Renounce Religion, Bend Time


You were on level 3 of the Dungeon.
You worshipped Cheibriados.
Cheibriados was noncommittal.
You visited 1 branch of the dungeon, and saw 3 of its levels.

You collected 73 gold pieces.

Inventory:

Hand Weapons
 c - a +2 dagger of speed
 j - a +0 dagger (weapon)
Missiles
 a - 5 stones (quivered)
 h - 23 poisoned darts
Armour
 b - a +0 robe (worn)
Scrolls
 d - a scroll of teleportation {unknown}
 e - a scroll of magic mapping {unknown}
 g - 3 scrolls of identify {unknown}
Potions
 f - a potion of lignification {unknown}
 i - a potion of brilliance {unknown}
 k - 2 potions of degeneration {unknown}


   Skills:
 - Level 1.0 Fighting
 + Level 3.2 Short Blades
 + Level 1.7 Dodging
 + Level 5.3 Stealth
 - Level 2.6 Spellcasting
 - Level 1.0 Conjurations
 - Level 1.5 Ice Magic


You had 2 spell levels left.
You knew the following spells:

 Your Spells              Type           Power      Damage    Failure   Level
a - Freeze                Ice            24%        1d5       12%         1
b - Passwall              Tmut/Erth      0%         N/A       32%         2
c - Frozen Ramparts       Ice            12%        1d3       34%         3

Your spell library contained the following spells:

 Spells                   Type           Power      Damage    Failure   Level
 Foxfire                  Conj/Fire      12%        2x1d4     19%         1
 Wereblood                Tmut           1%         N/A       32%         2
 Ozocubu's Armour         Ice            6%         N/A       34%         3
 Conjure Flame            Conj/Fire      3%         6-21      47%         3
 Hailstorm                Conj/Ice       5%         3d4       78%         4
 Metabolic Englaciation   Hex/Ice        2%         N/A       99%         5


Dungeon Overview and Level Annotations

Branches:
Dungeon (3/15)

Altars:
Cheibriados
Kikubaaqudgha
Trog

Annotations:
D:2 Sigmund


Innate Abilities, Weirdness & Mutations

You are very small and have problems with some larger weapons.
You are too small for most types of armour.
You have supernaturally acute eyesight. (SInv)
You cover ground extremely quickly. (Speed+++)


Message History

Aiming: Freeze (safe; 12% risk of failure)
Press: ? - help, Shift-Dir - straight line, f/p - endoplasm
Aim: an endoplasm (moderately wounded)
You miscast Freeze.
You are very lightly contaminated with residual magic.
Nothing appears to happen.
The endoplasm hits you but does no damage.
Casting: Freeze (safe; 12% risk of failure)
Confirm with . or Enter, or press ? or * to list all spells.
Aiming: Freeze (safe; 12% risk of failure)
Press: ? - help, Shift-Dir - straight line, f/p - endoplasm
Aim: an endoplasm (moderately wounded)
You miscast Freeze.
Nothing appears to happen.
The endoplasm freezes you.
You are frozen.
Casting: Freeze (safe; 12% risk of failure)
Confirm with . or Enter, or press ? or * to list all spells.
Aiming: Freeze (safe; 12% risk of failure)
Press: ? - help, Shift-Dir - straight line, f/p - endoplasm
Aim: an endoplasm (moderately wounded)
You freeze the endoplasm.
You kill the endoplasm!
The worm bites you.
Casting: Freeze (safe; 12% risk of failure)
Confirm with . or Enter, or press ? or * to list all spells.
Aiming: Freeze (safe; 12% risk of failure)
Press: ? - help, Shift-Dir - straight line, f - worm
Aim: a worm You freeze the worm.
The worm is moderately wounded.
Casting: Freeze (safe; 12% risk of failure)
Confirm with . or Enter, or press ? or * to list all spells.
Aiming: Freeze (safe; 12% risk of failure)
Press: ? - help, Shift-Dir - straight line, f/p - worm
Aim: a worm (moderately wounded)
You freeze the worm.
The worm is moderately wounded.
The worm bites you!
Ouch! That really hurt!
You die...

#####.#
#########.....#
#.............# ###
#.####^####...# #..
#.#.......#..## #..
#.#.......#..# #..
##.#.......#..## ###
#....w._?..^...# #..
#.(#.@.....#...# #.#
#..#.......#...# ##.#
#.K#.......#..># #..#
#..#########...####.##
#.). .........##...#
#... ............####
### ##########......
#.####. ..#


You could see a worm.

Vanquished Creatures
  Robin (D:2)
  2 adders (D:2)
  2 worms
  4 ball pythons
  5 endoplasms
  2 giant cockroaches
  11 goblins
  5 hobgoblins
  3 jackals (D:2)
  2 bats (D:2)
  2 frilled lizards
  3 kobolds
  A rat (D:2)
43 creatures vanquished.

Notes
Turn   | Place    | Note
-------+----------+-------------------------------------------
     0 | D:1      | dinky3 the Spriggan Wanderer began the quest for the Orb.
     0 | D:1      | dinky3 set off with the following items: a +0 dagger, a +0
                  | robe; and the following spells available to memorise:
                  | Freeze, Foxfire, Passwall, Wereblood, Frozen Ramparts,
                  | Ozocubu's Armour, Conjure Flame, Hailstorm, Metabolic
                  | Englaciation
     0 | D:1      | Reached XP level 1. HP: 10/10 MP: 5/5
     6 | D:1      | Learned a level 1 spell: Freeze
    56 | D:1      | Found a faded altar of an unknown god.
   150 | D:1      | Reached XP level 2. HP: 9/14 MP: 3/6
   309 | D:2      | Reached skill level 4 in Stealth
   310 | D:2      | Noticed Robin
   362 | D:2      | Killed Robin
   363 | D:2      | Reached XP level 3. HP: 9/18 MP: 5/8
   444 | D:2      | Learned a level 2 spell: Passwall
   565 | D:2      | Noticed a necrophage
   633 | D:2      | Found a snail-covered altar of Cheibriados.
   643 | D:2      | Became a worshipper of Cheibriados the Contemplative
   660 | D:2      | Reached skill level 5 in Stealth
   918 | D:2      | Reached XP level 4. HP: 13/22 MP: 2/9
   954 | D:2      | Noticed Sigmund
  1011 | D:3      | Found a bloodstained altar of Trog.
  1063 | D:3      | Learned a level 3 spell: Frozen Ramparts
  1080 | D:3      | Found an ancient bone altar of Kikubaaqudgha.
  1115 | D:3      | Slain by a worm

Illustrated notes

Levels and vault maps discovered:
D:1:      dpeg_arrival_court, layout_rooms, ebering_ecumenical_altar_hall
D:2:      minmay_recursive_quarters, layout_loops_ring, basic_altar,
          uniq_sigmund, uniq_robin
D:3:      layout_rooms, lemuel_tele_altar, marbit_many_paths,
          minmay_misc_feat_iff

Skill      XL: |  1  2  3 |
---------------+----------+-----
Short Blades   | 2 3 |  3.2
Stealth        | 4 5 |  5.3
Fighting       | |  1.0
Dodging        | |  1.7
Spellcasting   | |  2.6
Conjurations   | |  1.0
Ice Magic      | |  1.5

Action                   |  1- 3 |  4- 6 || total
-------------------------+-------+-------++-------
Melee: Dagger            |    22 |     4 ||    26
Throw: Dart              |    22 |       ||    22
       Stone             |     7 |     2 ||     9
 Cast: Freeze            |    50 |    15 ||    65
 Stab: Sleeping          |     2 |     2 ||     4
Armor: Robe              |     3 |     3 ||     6
Dodge: Dodged            |    37 |    15 ||    52

Table legend: (Time is in decaauts)
 A = Elapsed time spent in this place.
 B = Non-inter-level travel time spent in this place.
 C = Inter-level travel time spent in this place.
 D = Time resting spent in this place.
 E = Time spent auto-exploring this place.
 F = Levels seen in this place.
 G = Mean time per level.
                   A        B        C        D        E       F      G
               +--------+--------+--------+--------+--------+-----+--------+
         Total |    861 |    803 |     58 |      0 |      0 |   3 |  287.0 |
       Dungeon |    861 |    803 |     58 |      0 |      0 |   3 |  287.0 |
               +--------+--------+--------+--------+--------+-----+--------+

Top non-repeatable levels by time:
     D:2: 544 daAuts
     D:1: 193 daAuts
     D:3: 123 daAuts
